Map: New Repugnancy LE

Players

Astrea - Winner!

  • Race: Protoss Protoss
  • League: Grandmaster
  • Spawn Location: 7:00

Cham

  • Race: Zerg Zerg
  • League: Master
  • Spawn Location: 1:00

Event: 2019 WCS Winter Americas

VOD

Have the link to the VOD?

Description

Time

  • Played on: March 23, 2019, 3:18 p.m.
  • Length: 22:49

All games in this series

Show
View Real Time Build Order
Export as new Build Order

Astrea Protoss - Winner!

Build Orders: Zealot Archon 

Get SALT Encoding   

  12  0:00  Probe  
  13  0:12  Probe  
  14  0:17  Pylon  
  14  0:23  Probe  
  15  0:31  Probe  
  16  0:36  Gateway  
  16  0:39  Probe  
  16  0:46  Assimilator  
  17  0:50  Probe  
  17  0:54  Assimilator  
  18  0:58  Probe  
  18  1:03  Pylon  
  19  1:06  Probe  
  20  1:17  Probe  
  20  1:23  Cybernetics Core  
  21  1:29  Zealot, Probe  
  24  1:41  Probe  
  25  1:53  Probe  
  26  1:59  Warp Gate, Sentry  
  29  2:11  Nexus  
  28  2:16  Pylon  
  28  2:20  Probe  
  29  2:25  Sentry  
  31  2:34  Probe  
  32  2:46  Probe  
  32  2:48  Gateway  
  32  2:49  Gateway  
  33  2:52  Sentry  
  36  2:58  Probe  
  36  3:01  Gateway  
  36  3:09  Gateway  
  36  3:12  Probe  
  37  3:18  Sentry  
  39  3:23  Probe  
  39  3:24  Probe  
  41  3:35  Probe  
  41  3:36  Probe  
  43  3:47  Probe  
  43  3:48  Sentry x2, Probe  
  49  3:57  Zealot, Pylon  
  49  3:58  Zealot  
  53  4:07  Pylon  
  53  4:16  Zealot x2, Sentry x2  
  61  4:20  Pylon  
  61  4:21  Probe  
  62  4:27  Pylon  
  62  4:28  Twilight Council  
  62  4:30  Zealot  
  63  4:46  Zealot x4  
  63  4:50  Probe x2  
  73  4:53  Pylon  
  73  4:55  Zealot  
  75  5:05  Probe  
  76  5:12  Zealot x3  
  76  5:13  Zealot  
  84  5:14  Dark Shrine  
  84  5:16  Pylon  
  84  5:36  Zealot x5  
  94  5:45  Pylon  
  94  5:47  Pylon  
  94  5:49  Probe x2  
  94  6:06  Stalker, Pylon  
  94  6:08  Stalker x4  
  104  6:22  Probe x2  
  102  6:27  Robotics Facility  
  102  6:29  Dark Templar  
  104  6:34  Assimilator x2, Probe x2  
  104  6:36  Charge  
  104  6:38  Phoenix  
  100  6:40  Dark Templar  
  100  6:46  Probe x2  
  104  6:54  Zealot x3  
  104  6:55  Zealot  
  104  6:58  Archon  
  112  7:13  Warp Prism  
  112  7:15  Pylon  
  114  7:16  Pylon  
  114  7:18  Dark Templar  
  114  7:21  Dark Templar  
  118  7:25  Forge  
  118  7:27  Phoenix  
  118  7:30  Pylon  
  118  7:39  Zealot x3  
  118  7:42  Observer  
  125  7:51  Pylon x2  
  125  8:02  Immortal  
  125  8:06  Protoss Ground Weapons Level 1  
  125  8:07  Pylon  
  127  8:20  Stalker x5  
  137  8:37  Nexus  
  137  8:47  Immortal  
  125  8:59  Robotics Bay  
  129  9:09  Probe x2  
  131  9:11  Pylon  
  131  9:16  Observer  
  131  9:21  Probe  
  131  9:23  Stalker x4  
  140  9:27  Immortal  
  134  9:34  Probe  
  131  9:41  Probe  
  132  9:46  Probe  
  133  9:56  Disruptor  
  133  10:00  Dark Templar  
  133  10:01  Dark Templar x2  
  142  10:08  Protoss Ground Weapons Level 2  
  142  10:10  Stalker x2  
  142  10:11  Archon  
  146  10:20  Disruptor  
  113  10:46  Zealot x5  
  113  10:47  Probe x3  
  126  10:51  Gateway  
  126  10:53  Disruptor  
  126  11:05  Probe x2  
  126  11:07  Blink  
  126  11:09  Assimilator  
  126  11:10  Assimilator  
  128  11:11  Stalker  
  128  11:12  Stalker x3, Zealot  
  128  11:15  Shield Battery  
  138  11:20  Disruptor  
  141  11:35  Zealot  
  141  11:36  Zealot, Sentry  
  141  11:39  Zealot  
  149  11:40  Zealot  
  149  11:46  Pylon  
  118  11:56  Zealot x3  
  118  12:00  Disruptor  
  121  12:02  Probe x2  
  121  12:13  Zealot x3  
  119  12:24  Stalker x6  
  119  12:27  Observer  
  129  12:36  Disruptor  
  132  12:42  Probe x2  
  132  12:43  Probe  
  135  12:51  Zealot  
  135  12:52  Zealot x5  
  147  12:58  Probe  
  147  12:59  Probe x2  
  150  13:10  Colossus  
  150  13:12  Observer, Protoss Ground Weapons Level 3  
  152  13:27  Dark Templar x4  
  152  13:32  Archon x2  
  158  13:47  Zealot  
  137  14:02  Dark Templar x4  
  124  14:04  Zealot  
  109  14:21  Nexus  
  107  14:46  Stalker x4  
  107  14:48  Observer  
  113  14:53  Archon  
  113  15:02  Sentry  
  113  15:04  Probe  
  116  15:08  Probe  
  112  15:34  Observer  
  93  15:37  Stalker  
  93  15:38  Stalker x4  
  104  15:46  Probe x2, Disruptor  
  88  16:21  Disruptor  
  91  16:27  Dark Templar  
  91  16:31  Zealot x4  
  93  16:44  Assimilator  
  93  16:52  Warp Prism  
  93  16:57  Dark Templar  
  93  16:58  Zealot x2  
  101  17:03  Pylon  
  97  17:17  Observer  
  97  17:20  Protoss Ground Armor Level 1  
  97  17:25  Stalker x2  
  97  17:26  Stalker x2  
  97  17:46  Stalker  
  97  18:08  Disruptor  
  86  18:23  Stalker x3  
  86  18:47  Observer  
  86  18:52  Stalker x4  
  94  18:55  Sentry  
  96  19:12  Disruptor  
  99  19:39  Zealot x5  
  99  19:45  Disruptor, Pylon  
  108  20:08  Sentry x5  
  108  20:11  Observer  
  116  20:22  Disruptor  
  104  20:47  Probe x2  
  104  20:48  Probe  
  107  20:58  Observer  
  107  20:59  Probe  
  71  21:15  Stalker  
  71  21:16  Stalker x2  
  77  21:22  Sentry x2  
  67  21:56  Stalker x3  
  73  22:03  Sentry x2  
Show
View Real Time Build Order
Export as new Build Order

Cham Zerg 

Build Orders: Hatch First 

Get SALT Encoding   

  12  0:01  Drone  
  13  0:08  Drone  
  14  0:17  Overlord  
  14  0:36  Drone x2  
  16  0:48  Hatchery  
  15  0:52  Drone  
  15  0:55  Drone  
  17  1:03  Drone  
  18  1:10  Extractor  
  17  1:16  Spawning Pool  
  16  1:20  Drone  
  16  1:21  Drone  
  18  1:31  Drone  
  19  1:43  Drone  
  20  1:52  Overlord  
  20  2:00  Drone  
  21  2:03  Queen x2  
  21  2:04  Drone  
  26  2:11  Metabolic Boost  
  26  2:18  Drone x2  
  28  2:30  Hatchery  
  28  2:34  Zergling x2  
  28  2:35  Zergling x2  
  29  2:41  Drone  
  29  2:42  Overlord  
  30  2:51  Drone x2  
  30  2:56  Drone  
  30  2:57  Drone  
  34  3:08  Overlord, Drone  
  35  3:15  Drone  
  35  3:16  Zergling x6  
  35  3:17  Drone x2  
  35  3:19  Queen  
  43  3:22  Overlord  
  43  3:25  Drone  
  44  3:32  Roach Warren  
  44  3:34  Zergling x2  
  44  3:36  Zergling x2  
  45  3:46  Drone x3  
  48  3:49  Extractor  
  48  3:54  Overlord, Drone  
  48  3:57  Drone  
  48  3:58  Drone x4  
  48  4:01  Extractor  
  48  4:02  Overlord  
  52  4:10  Overlord  
  52  4:13  Roach x3  
  52  4:16  Roach  
  60  4:19  Roach  
  60  4:23  Roach  
  64  4:24  Roach  
  64  4:27  Roach  
  68  4:33  Roach  
  68  4:34  Roach  
  68  4:37  Roach  
  72  4:43  Roach x2  
  72  4:44  Overlord  
  72  4:45  Ravager  
  75  4:47  Roach  
  77  4:53  Zergling x4  
  77  4:54  Ravager  
  77  4:56  Zergling x4  
  77  4:58  Roach  
  84  5:06  Roach  
  82  5:11  Ravager  
  82  5:13  Roach, Zergling x6  
  83  5:16  Zergling x6  
  83  5:19  Roach  
  83  5:21  Overlord  
  88  5:23  Roach  
  88  5:27  Roach  
  92  5:29  Roach  
  92  5:33  Roach  
  91  5:40  Roach x2  
  91  5:41  Roach  
  92  5:45  Roach  
  92  5:46  Zergling x4  
  92  5:49  Zergling x2  
  97  5:52  Zergling x2  
  97  5:54  Roach  
  97  5:56  Ravager, Zergling x2  
  102  6:00  Roach  
  104  6:06  Spore Crawler  
  104  6:10  Spore Crawler  
  102  6:13  Spore Crawler  
  102  6:15  Spore Crawler  
  102  6:18  Roach x3  
  101  6:21  Spore Crawler  
  101  6:27  Overlord x2  
  101  6:32  Overlord  
  99  6:45  Lair  
  99  6:46  Drone x2  
  99  6:52  Drone x2  
  99  6:53  Drone x3  
  104  6:54  Drone  
  104  6:56  Drone  
  104  6:58  Ravager x3  
  109  7:04  Drone  
  109  7:05  Drone x2  
  112  7:17  Queen  
  112  7:20  Overlord  
  112  7:21  Drone x2  
  116  7:25  Ravager x2  
  116  7:26  Roach x2  
  116  7:27  Overlord  
  116  7:29  Overlord  
  122  7:39  Evolution Chamber, Drone  
  122  7:40  Drone  
  122  7:41  Drone x2, Baneling Nest  
  122  7:42  Drone  
  125  7:50  Drone x2  
  127  7:53  Drone x3  
  127  7:54  Overseer, Drone  
  127  7:55  Glial Reconstitution  
  127  7:56  Drone  
  132  8:00  Drone x2  
  132  8:03  Drone x3  
  137  8:06  Drone  
  138  8:13  Zerg Melee Weapons Level 1  
  138  8:16  Hatchery  
  136  8:20  Extractor  
  136  8:21  Extractor  
  134  8:27  Zergling x8  
  134  8:29  Baneling x8  
  134  8:30  Baneling x3  
  137  8:37  Overlord x3  
  136  8:53  Baneling x7  
  136  8:55  Overlord  
  136  8:57  Hatchery  
  136  8:58  Overlord  
  136  9:01  Overlord  
  135  9:03  Zergling x14  
  135  9:04  Zergling x10  
  135  9:05  Baneling  
  145  9:13  Drone x2  
  145  9:14  Drone  
  147  9:18  Drone x3  
  147  9:21  Centrifical Hooks  
  148  9:25  Zergling x2  
  148  9:33  Roach  
  148  9:34  Overseer, Roach, Zergling x4  
  148  9:36  Baneling x7  
  153  9:40  Ravager x2  
  153  9:42  Zergling x2  
  153  9:43  Zergling x2  
  153  9:44  Zergling x10  
  153  9:45  Baneling x3  
  162  9:48  Overseer  
  162  9:50  Zergling x4  
  162  9:51  Zergling x2  
  165  9:55  Zergling x4  
  165  9:56  Zergling x4  
  164  10:08  Drone x2  
  164  10:09  Baneling x2  
  164  10:11  Zergling x8  
  164  10:13  Baneling x4  
  166  10:22  Zergling x2  
  166  10:23  Zergling x14  
  153  10:29  Roach x3, Zergling x2  
  153  10:33  Overseer  
  153  10:34  Drone x3  
  158  10:44  Zergling x4  
  158  10:45  Baneling x9  
  158  10:47  Zergling x2  
  161  10:50  Zergling x2  
  161  10:52  Zergling x4  
  161  10:53  Zergling x2  
  161  10:54  Zergling x2  
  164  11:01  Baneling x3  
  164  11:02  Baneling x9  
  164  11:03  Zergling x2  
  165  11:04  Zergling x2  
  165  11:07  Zergling x2  
  166  11:16  Drone x3  
  167  11:20  Drone x2  
  167  11:21  Zergling x2  
  167  11:22  Zergling x2  
  167  11:23  Baneling x2, Zergling x2  
  167  11:24  Zergling x2  
  172  11:31  Overlord, Zergling x8  
  175  11:34  Zergling x2  
  175  11:37  Zergling x4  
  174  11:41  Zergling x4  
  125  11:58  Roach x2  
  125  12:00  Roach x7  
  129  12:05  Drone  
  130  12:16  Drone x4  
  130  12:21  Queen  
  130  12:22  Zergling x4  
  136  12:23  Zergling x2  
  136  12:24  Zergling x2  
  136  12:25  Ravager  
  136  12:26  Ravager x2  
  136  12:28  Ravager  
  136  12:29  Zergling x2  
  138  12:32  Baneling x6  
  138  12:33  Baneling x2  
  138  12:41  Hatchery  
  138  12:42  Ravager x2  
  138  12:43  Ravager x2  
  141  12:44  Zergling x10  
  141  12:46  Baneling  
  141  12:47  Baneling x3  
  141  12:49  Baneling  
  146  12:59  Zergling x10  
  146  13:01  Zergling x2  
  152  13:11  Baneling  
  152  13:12  Baneling  
  152  13:13  Zergling x2  
  152  13:14  Zergling x4  
  152  13:20  Baneling x10  
  152  13:21  Zergling x4  
  154  13:27  Drone x3  
  154  13:31  Zergling x2  
  154  13:32  Zergling x2  
  159  13:38  Zergling x4  
  161  13:43  Zergling x10  
  148  13:57  Roach x5  
  148  13:58  Roach  
  148  14:02  Roach x2  
  153  14:05  Roach  
  141  14:15  Roach x4  
  130  14:17  Overseer  
  130  14:19  Roach  
  130  14:22  Roach  
  130  14:24  Roach  
  123  14:26  Roach  
  123  14:27  Roach  
  123  14:29  Ravager x7  
  128  14:33  Roach  
  128  14:37  Baneling x9  
  122  14:42  Zergling x6  
  122  14:44  Baneling  
  122  14:45  Zergling x4  
  127  14:47  Roach  
  127  14:48  Zergling x2  
  130  14:55  Zergling x4  
  130  14:58  Zergling x2  
  130  14:59  Zergling x2  
  134  15:07  Roach x2  
  134  15:08  Baneling x3  
  134  15:09  Roach x2, Baneling x4  
  134  15:15  Zergling x2  
  134  15:16  Roach  
  134  15:17  Roach  
  134  15:18  Roach x2, Zergling x2  
  134  15:19  Baneling x3  
  134  15:20  Roach, Baneling  
  134  15:21  Roach  
  134  15:31  Roach x4  
  118  15:43  Ravager x5  
  118  15:44  Zergling x12  
  118  15:48  Zergling x2  
  118  15:49  Zergling x2  
  131  15:53  Roach, Zergling x2  
  131  15:56  Zergling x6  
  129  15:57  Baneling x3  
  129  16:03  Roach x2  
  102  16:15  Roach x3  
  102  16:16  Roach  
  110  16:21  Zergling x2  
  110  16:22  Zergling x4  
  110  16:25  Roach  
  113  16:28  Roach x2  
  114  16:40  Hatchery  
  114  16:43  Baneling x4  
  114  16:44  Baneling x2  
  114  16:45  Roach, Zergling x2  
  116  16:52  Overseer  
  116  16:56  Zergling x2  
  116  16:57  Zergling x4  
  119  17:01  Zergling x2  
  119  17:02  Zergling x4  
  119  17:05  Zergling x2  
  119  17:21  Baneling x4  
  119  17:26  Baneling x6  
  119  17:29  Zergling x6  
  121  17:30  Zergling x2  
  121  17:31  Zergling x2  
  121  17:33  Baneling x2  
  124  17:37  Zergling x2  
  124  17:38  Zergling x2  
  124  17:40  Baneling  
  124  17:41  Zergling x2  
  124  17:45  Zergling x2  
  124  17:48  Drone x2  
  123  17:52  Zergling x2  
  123  17:55  Zergling x2  
  123  17:58  Zergling x2  
  105  18:07  Roach x2  
  105  18:10  Roach x2  
  84  18:13  Roach  
  88  18:20  Roach x2, Zergling x2  
  88  18:21  Ravager  
  88  18:24  Ravager  
  88  18:25  Roach  
  94  18:28  Roach  
  94  18:31  Roach  
  96  18:37  Roach  
  96  18:39  Roach  
  92  18:52  Ravager  
  92  18:53  Zergling x10  
  97  19:03  Overseer  
  97  19:04  Zergling x12  
  103  19:16  Baneling  
  103  19:17  Baneling x3  
  103  19:18  Zergling x2  
  103  19:20  Zergling x12  
  103  19:24  Hatchery  
  109  19:32  Zergling x2  
  109  19:33  Zergling x6  
  113  19:39  Zergling x6  
  113  19:40  Zergling x2  
  117  19:53  Baneling x5  
  117  19:54  Zergling x10  
  117  19:56  Roach, Zergling x2  
  125  20:07  Baneling  
  125  20:09  Zergling x2  
  125  20:10  Zergling x10  
  129  20:20  Zergling x8  
  129  20:21  Baneling  
  129  20:22  Baneling  
  129  20:23  Zergling x2  
  128  20:29  Zergling x2  
  128  20:32  Baneling  
  128  20:33  Zergling x4  
  128  20:34  Zergling x2  
  128  20:35  Zergling x6  
  134  20:36  Zergling x2  
  134  20:41  Zergling x2  
  134  20:42  Zergling x2  
  120  20:43  Baneling  
  120  20:44  Baneling x3  
  120  20:46  Zergling x6  
  123  20:50  Baneling  
  123  20:53  Roach  
  95  21:04  Roach x2, Zergling x2  
  95  21:11  Zergling x16  
  98  21:18  Roach x2, Zergling x2  
  98  21:24  Roach x2  
  95  21:35  Roach  
  95  21:36  Zergling x2  
  95  21:38  Roach x2, Zergling x2  
  95  21:39  Zergling x8  
  78  21:48  Roach x2  
  78  21:50  Roach  
  72  21:55  Roach, Zergling x6  
  72  21:56  Zergling x4  
  72  21:58  Roach, Zergling x4  
  80  22:05  Roach  
  80  22:08  Roach  
  80  22:12  Roach, Zergling x6  
  83  22:20  Roach  
  74  22:27  Roach x2  
Tags
 
Add a new tag
Caveats
  • Supply blocks, unpowered buildings, or Contaminate may cause inaccurate times.
  • Supply counts are checked every 10 seconds.